AoeStats
← Thời Miễu

Arabia

508863244Analyzed
1v1 RM · 8d ago on Sep 24, 2026· 31m 38s· 2 players
Game mode
Random Map
Map size
Tiny (2 player)
Population
200
Speed
Normal
Resources
Standard
Victory
Conquest
Starting age
Dark Age
Ending age
Imperial Age
RankedLock teamsTeams togetherTeam positionsShared explorationLock speedFull tech treeHidden civsTurbo modeCheats
Victory
Defeat
🇺🇸 Tupi · United States
1057
+14
🇻🇳 Lithuanians · Vietnam
1003
-18
Thời Miễu
5:40 Loom
9:45 Feudal Age
10:41 Double-Bit Axe
19:15 Castle Age
18:24 Bloodlines
19:41 Scale Barding Armor
19:49 Forging
22:12 Gold Mining
27:06 Wheelbarrow
26:37 Horse Collar
27:08 Bow Saw
27:52 Husbandry
31:12 Stone Mining
31:52 Fletching
32:24 Chain Barding Armor
OverFork12
7:17 Loom
9:39 Feudal Age
10:17 Double-Bit Axe
10:16 Horse Collar
10:03 Champi Runner
16:02 Scale Mail Armor
16:13 Forging
16:29 Arson
23:46 Castle Age
23:50 Pikeman
24:49 Chain Mail Armor
25:09 Iron Casting
25:14 Champi Warrior
27:58 Squires
Connection lost

Rejoining the realm…

Still unreachable

The connection could not be restored.

Session expired

The server has moved on; the page needs a fresh start.